General information
- name: BNet
- type: Ladder team game (AT/RT)
- host: Battle.net
- saver: peacefulfarmers
map: TwilightRuins
- players: 8
- length: 38:38
- speed: Fast
- version: 1.27 W3XP
- replay type: Public
» download(251 KB)
Players
team 1 (winner)
Godzilla (
yellow | 87 APM | 3363 actions | 38:36)
6 Mountain King
3 Storm Bolt
2 Bash
1 Avatar
4 Paladin
2 Holy Light
1 Devotion Aura
1 Divine Shield
» actions
| Assign group hotkey | 45 | |
| Basic commands | 471 | |
| Build / train | 214 | |
| ESC pressed | 3 | |
| Enter build submenu | 74 | |
| Enter hero's abilities submenu | 10 | |
| Give item / drop item | 4 | |
| Right click | 475 | |
| Select / deselect | 528 | |
| Select group hotkey | 1332 | |
| Use ability | 207 | |
3363 total
» units
| Peasant | 26 | |
| Footman | 11 | |
| Goblin Shredder | 4 | |
| Goblin Zeppelin | 4 | |
| Mortar Team | 10 | |
| Priest | 2 | |
| Siege Engine | 2 | |
| Dragonhawk Rider | 2 | |
| Gryphon Rider | 2 | |
63 total
» upgrades
| Defend | 1 | |
| Masonry | 3 | |
| Plating | 3 | |
| Swords | 3 | |
| Gunpowder | 3 | |
| Lumber Harvesting | 2 | |
| Armor | 3 | |
| Fragmentation Shards | 1 | |
| Flare | 1 | |
| Barrage | 1 | |
| Priest Training | 2 | |
| Sorceress Training | 2 | |
| Control Magic | 1 | |
| Magic Sentry | 1 | |
| Flak Cannons | 1 | |
| Flying Machine Bombs | 1 | |
| Cloud | 1 | |
| Storm Hammers | 1 | |
31 total
» buildings
| Farm | 10 | |
| Barracks | 1 | |
| Altar of Kings | 1 | |
| Scout Tower | 42 | |
| Arcane Tower | 11 | |
| Lumber Mill | 2 | |
| Arcane Vault | 4 | |
| Town Hall | 5 | |
| Guard Tower | 30 | |
| Keep | 6 | |
| Blacksmith | 1 | |
| Castle | 1 | |
| Workshop | 3 | |
| Arcane Sanctum | 2 | |
| Gryphon Aviary | 3 | |
122 total
» build order
00:23 Farm
00:25 Barracks
00:51 Farm
00:55 Altar of Kings
01:35 Farm
01:50 Farm
02:07 Scout Tower
02:30 Farm
02:42 Arcane Tower
02:43 Arcane Tower
02:43 Arcane Tower
02:43 Arcane Tower
03:25 Scout Tower
03:35 Farm
04:03 Lumber Mill
04:13 Arcane Tower
04:14 Arcane Vault
05:00 Town Hall
05:05 Scout Tower
05:07 Scout Tower
05:09 Scout Tower
05:13 Scout Tower
05:17 Arcane Vault
05:43 Guard Tower
05:46 Arcane Tower
05:46 Arcane Tower
05:58 Guard Tower
05:59 Guard Tower
06:01 Guard Tower
06:01 Guard Tower
06:02 Guard Tower
06:02 Guard Tower
06:49 Keep
06:49 Keep
06:50 Keep
06:50 Keep
07:18 Blacksmith
09:22 Castle
09:26 Workshop
09:26 Workshop
09:27 Workshop
09:46 Farm
09:47 Farm
09:47 Farm
11:11 Scout Tower
11:12 Scout Tower
11:16 Scout Tower
11:21 Farm
13:52 Guard Tower
14:43 Arcane Sanctum
14:47 Arcane Sanctum
16:42 Scout Tower
16:46 Scout Tower
16:48 Scout Tower
16:48 Scout Tower
16:51 Scout Tower
17:42 Guard Tower
17:47 Guard Tower
18:25 Guard Tower
18:39 Guard Tower
23:31 Town Hall
26:14 Town Hall
27:00 Town Hall
27:08 Scout Tower
27:11 Scout Tower
27:14 Scout Tower
27:18 Scout Tower
27:22 Scout Tower
27:38 Scout Tower
27:40 Guard Tower
27:41 Guard Tower
27:44 Guard Tower
27:49 Guard Tower
27:50 Scout Tower
27:51 Arcane Tower
27:59 Scout Tower
28:08 Guard Tower
28:11 Scout Tower
28:12 Scout Tower
28:13 Scout Tower
28:16 Scout Tower
28:17 Scout Tower
28:19 Scout Tower
28:22 Scout Tower
28:52 Guard Tower
30:18 Guard Tower
30:20 Scout Tower
30:22 Scout Tower
30:29 Scout Tower
30:31 Scout Tower
30:39 Guard Tower
30:40 Scout Tower
30:41 Scout Tower
30:46 Guard Tower
30:48 Scout Tower
30:50 Scout Tower
31:04 Gryphon Aviary
31:05 Gryphon Aviary
31:08 Gryphon Aviary
31:22 Guard Tower
31:25 Guard Tower
31:39 Guard Tower
31:44 Arcane Vault
32:23 Arcane Vault
32:25 Guard Tower
32:39 Lumber Mill
33:23 Guard Tower
34:14 Scout Tower
34:15 Scout Tower
34:16 Scout Tower
34:16 Scout Tower
34:17 Scout Tower
34:18 Guard Tower
36:38 Guard Tower
38:03 Town Hall
» items
| Scroll of Regeneration | 7 | |
| Lesser Clarity Potion | 2 | |
| Scroll of Town Portal | 11 | |
| Potion of Healing | 1 | |
| Potion of Mana | 1 | |
| Orb of Fire | 1 | |
| Boots of Speed | 2 | |
| Scroll of Healing | 3 | |
| Potion of Lesser Invulnerability | 2 | |
| Scroll of Protection | 1 | |
| Circlet of Nobility | 1 | |
| Periapt of Vitality | 1 | |
| Potion of Invisibility | 1 | |
34 total
Philando (
red | 50 APM | 1921 actions | 38:36)
8 Warden
3 Shadow Strike
3 Blink
1 Spirit of Vengeance
1 Fan of Knives
» actions
| Assign group hotkey | 63 | |
| Basic commands | 91 | |
| Build / train | 81 | |
| ESC pressed | 2 | |
| Enter build submenu | 27 | |
| Enter hero's abilities submenu | 9 | |
| Give item / drop item | 6 | |
| Remove unit from queue | 1 | |
| Right click | 890 | |
| Select / deselect | 357 | |
| Select group hotkey | 228 | |
| Use ability | 166 | |
1921 total
» units
| Wisp | 32 | |
| Huntress | 3 | |
| Mountain Giant | 4 | |
| Dryad | 3 | |
42 total
» upgrades
| Reinforced Hides | 2 | |
| Strength of the Wild | 1 | |
| Abolish Magic | 1 | |
| Ultravision | 1 | |
| Hardened Skin | 1 | |
| Resistant Skin | 1 | |
7 total
» buildings
| Altar of Elders | 1 | |
| Moon Well | 8 | |
| Hunter's Hall | 1 | |
| Ancient of War | 1 | |
| Ancient Protector | 1 | |
| Tree of Ages | 2 | |
| Ancient of Wonders | 4 | |
| Ancient of Lore | 2 | |
| Tree of Eternity | 1 | |
| Tree of Life | 5 | |
26 total
» build order
00:05 Altar of Elders
00:08 Moon Well
00:15 Moon Well
01:26 Hunter's Hall
01:53 Ancient of War
02:02 Moon Well
02:44 Ancient Protector
03:15 Tree of Ages
03:46 Moon Well
05:09 Moon Well
05:10 Moon Well
05:14 Moon Well
05:35 Ancient of Wonders
05:49 Ancient of Lore
05:49 Ancient of Lore
09:56 Tree of Eternity
10:55 Moon Well
13:55 Tree of Life
18:32 Tree of Life
25:58 Ancient of Wonders
28:23 Tree of Life
32:46 Ancient of Wonders
32:56 Tree of Life
33:26 Tree of Life
36:20 Ancient of Wonders
38:04 Tree of Ages
» items
| Staff of Preservation | 1 | |
| Moonstone | 3 | |
| Periapt of Vitality | 1 | |
| Boots of Speed | 2 | |
| Scroll of Town Portal | 1 | |
| Staff of Teleportation | 1 | |
| Potion of Healing | 3 | |
| Scroll of Regeneration | 1 | |
| Lesser Clarity Potion | 1 | |
| Potion of Mana | 2 | |
| Orb of Fire | 1 | |
17 total

»
uzzE (
pink | 63 APM | 2437 actions | 38:36)
5 Keeper of the Grove
3 Entangling Roots
2 Thorns Aura
4 Demon Hunter
2 Mana Burn
2 Evasion
3 Naga Sea Witch
2 Frost Arrows
1 Forked Lightning
» actions
| Assign group hotkey | 109 | |
| Build / train | 137 | |
| ESC pressed | 5 | |
| Enter build submenu | 60 | |
| Enter hero's abilities submenu | 12 | |
| Give item / drop item | 2 | |
| Right click | 1044 | |
| Select / deselect | 407 | |
| Select group hotkey | 558 | |
| Use ability | 103 | |
2437 total
» units
| Wisp | 69 | |
| Huntress | 6 | |
| Hippogryph | 3 | |
| Chimaera | 4 | |
82 total
» upgrades
| Strength of the Wild | 3 | |
| Reinforced Hides | 3 | |
| Ultravision | 1 | |
| Well Spring | 1 | |
| Nature's Blessing | 1 | |
| Corrosive Breath | 1 | |
10 total
» buildings
| Altar of Elders | 2 | |
| Moon Well | 12 | |
| Hunter's Hall | 2 | |
| Ancient of War | 1 | |
| Ancient of Wonders | 4 | |
| Tree of Ages | 3 | |
| Ancient Protector | 22 | |
| Ancient of Wind | 3 | |
| Tree of Life | 5 | |
| Tree of Eternity | 4 | |
| Chimaera Roost | 3 | |
61 total
» build order
00:14 Altar of Elders
00:19 Moon Well
01:28 Hunter's Hall
01:41 Ancient of War
02:09 Ancient of Wonders
03:09 Moon Well
04:06 Moon Well
04:29 Tree of Ages
05:48 Ancient Protector
05:53 Moon Well
07:34 Ancient Protector
07:43 Ancient of Wind
08:49 Tree of Life
09:13 Tree of Eternity
09:19 Ancient Protector
10:15 Tree of Life
10:20 Tree of Life
10:27 Ancient of Wonders
10:58 Ancient Protector
12:31 Ancient Protector
12:36 Tree of Ages
12:36 Tree of Ages
12:40 Ancient Protector
12:44 Ancient Protector
14:39 Ancient Protector
16:00 Ancient Protector
16:04 Ancient Protector
17:51 Altar of Elders
19:08 Hunter's Hall
19:20 Ancient of Wonders
19:27 Moon Well
19:36 Moon Well
19:41 Moon Well
20:23 Tree of Life
20:30 Moon Well
20:36 Moon Well
21:08 Ancient Protector
21:17 Ancient of Wind
21:39 Ancient Protector
22:09 Ancient Protector
22:42 Tree of Eternity
22:43 Tree of Eternity
25:04 Ancient of Wind
25:33 Ancient Protector
25:37 Ancient Protector
25:47 Ancient Protector
26:41 Ancient Protector
26:56 Chimaera Roost
27:06 Chimaera Roost
27:18 Chimaera Roost
27:32 Tree of Life
28:38 Moon Well
29:00 Moon Well
31:13 Ancient Protector
31:32 Moon Well
36:19 Ancient Protector
36:24 Ancient Protector
36:30 Ancient Protector
36:34 Ancient Protector
36:38 Ancient of Wonders
» items
| Dust of Appearance | 3 | |
| Boots of Speed | 2 | |
| Periapt of Vitality | 2 | |
| Circlet of Nobility | 1 | |
| Orb of Venom | 1 | |
| Scroll of Town Portal | 2 | |
| Potion of Lesser Invulnerability | 2 | |
13 total
peacefulfarmers (
orange | 62 APM | 2394 actions | 38:38)
4 Paladin
1 Devotion Aura
2 Holy Light
1 Divine Shield
» actions
| Assign group hotkey | 81 | |
| Basic commands | 32 | |
| Build / train | 73 | |
| ESC pressed | 11 | |
| Enter build submenu | 43 | |
| Enter hero's abilities submenu | 4 | |
| Give item / drop item | 2 | |
| Right click | 1225 | |
| Select / deselect | 278 | |
| Select group hotkey | 525 | |
| Use ability | 120 | |
2394 total
» units
» upgrades
» buildings
| Farm | 12 | |
| Lumber Mill | 3 | |
| Altar of Kings | 2 | |
| Scout Tower | 12 | |
| Guard Tower | 30 | |
| Town Hall | 6 | |
| Blacksmith | 1 | |
| Barracks | 2 | |
68 total
» build order
01:12 Farm
01:38 Farm
01:53 Lumber Mill
02:34 Altar of Kings
03:03 Scout Tower
03:08 Scout Tower
03:29 Guard Tower
03:29 Guard Tower
03:29 Guard Tower
04:20 Town Hall
04:27 Farm
04:29 Farm
04:34 Farm
05:25 Scout Tower
05:32 Scout Tower
05:34 Scout Tower
05:35 Guard Tower
05:35 Guard Tower
05:35 Guard Tower
06:21 Guard Tower
06:22 Guard Tower
06:22 Guard Tower
06:22 Guard Tower
06:22 Guard Tower
06:23 Guard Tower
06:27 Farm
06:33 Lumber Mill
12:05 Farm
12:09 Farm
13:14 Blacksmith
13:46 Farm
15:59 Town Hall
16:10 Scout Tower
16:11 Scout Tower
16:12 Scout Tower
16:14 Scout Tower
16:19 Scout Tower
16:39 Guard Tower
16:39 Guard Tower
16:39 Guard Tower
16:39 Guard Tower
16:44 Guard Tower
16:45 Guard Tower
16:45 Guard Tower
17:14 Guard Tower
17:15 Guard Tower
17:15 Guard Tower
17:20 Town Hall
17:22 Scout Tower
17:23 Scout Tower
17:34 Town Hall
22:16 Altar of Kings
22:45 Farm
23:39 Farm
24:19 Farm
25:04 Lumber Mill
31:49 Town Hall
34:33 Town Hall
37:13 Barracks
37:15 Barracks
» items
| Boots of Speed | 1 | |
| Circlet of Nobility | 1 | |
| Periapt of Vitality | 1 | |
| Gauntlets of Ogre Strength +3 | 1 | |
| Pendant of Energy | 1 | |
5 total
team 2 (loser)

»
iamnoobkillme (
green | 90 APM | 3159 actions | 35:12)
7 Blademaster
2 Wind Walk
3 Critical Strike
1 Bladestorm
1 Mirror Image
1 Mountain King
1 Avatar
1 Paladin
1 Holy Light
» actions
| Assign group hotkey | 25 | |
| Basic commands | 9 | |
| Build / train | 93 | |
| Enter build submenu | 36 | |
| Enter hero's abilities submenu | 9 | |
| Give item / drop item | 1 | |
| Remove unit from queue | 2 | |
| Right click | 1668 | |
| Select / deselect | 453 | |
| Select group hotkey | 732 | |
| Use ability | 131 | |
3159 total
» units
| Peon | 19 | |
| Goblin Shredder | 1 | |
| Troll Batrider | 16 | |
| Goblin Sapper | 4 | |
| Raider | 2 | |
| Tauren | 1 | |
43 total
» upgrades
| Ensnare | 1 | |
| Liquid Fire | 1 | |
| Reinforced Defenses | 1 | |
| Ranged Weapons | 3 | |
| Armor | 2 | |
| Pulverize | 1 | |
| Flak Cannons | 1 | |
| Barrage | 1 | |
11 total
» buildings
| Altar of Storms | 1 | |
| Orc Burrow | 6 | |
| Voodoo Lounge | 2 | |
| War Mill | 1 | |
| Stronghold | 1 | |
| Watch Tower | 20 | |
| Beastiary | 3 | |
| Fortress | 2 | |
| Great Hall | 3 | |
| Tauren Totem | 3 | |
| Workshop | 1 | |
43 total
» build order
00:08 Altar of Storms
00:11 Orc Burrow
00:56 Voodoo Lounge
01:47 Orc Burrow
03:16 War Mill
03:25 Orc Burrow
03:46 Stronghold
04:43 Watch Tower
04:46 Watch Tower
04:49 Watch Tower
06:13 Beastiary
06:15 Beastiary
06:17 Fortress
06:31 Beastiary
06:43 Orc Burrow
07:42 Watch Tower
07:46 Watch Tower
08:52 Great Hall
08:58 Watch Tower
09:06 Orc Burrow
09:09 Voodoo Lounge
10:55 Watch Tower
15:10 Watch Tower
15:10 Watch Tower
15:11 Watch Tower
15:13 Watch Tower
15:14 Watch Tower
15:15 Watch Tower
22:20 Great Hall
22:22 Orc Burrow
22:25 Watch Tower
22:26 Watch Tower
22:30 Watch Tower
24:25 Great Hall
25:48 Tauren Totem
25:51 Tauren Totem
27:20 Tauren Totem
28:29 Watch Tower
28:36 Watch Tower
30:50 Watch Tower
30:56 Watch Tower
31:49 Workshop
» items
| Healing Salve | 4 | |
| Lesser Clarity Potion | 4 | |
| Scroll of Speed | 1 | |
| Staff of Teleportation | 1 | |
| Orb of Lightning | 1 | |
| Scroll of Town Portal | 4 | |
| Potion of Healing | 3 | |
| Potion of Mana | 4 | |
22 total

»
rotkdshatorl (
purple | 58 APM | 2184 actions | 37:32)
5 Blademaster
2 Wind Walk
3 Critical Strike
2 Mountain King
1 Bash
1 Thunder Clap
» actions
| Assign group hotkey | 57 | |
| Basic commands | 279 | |
| Build / train | 56 | |
| ESC pressed | 7 | |
| Enter build submenu | 34 | |
| Enter hero's abilities submenu | 7 | |
| Give item / drop item | 1 | |
| Right click | 700 | |
| Select / deselect | 507 | |
| Select group hotkey | 410 | |
| Use ability | 126 | |
2184 total
» units
| Peon | 10 | |
| Raider | 5 | |
| Rifleman | 3 | |
| Priest | 2 | |
| Knight | 1 | |
21 total
» upgrades
| Pillage | 1 | |
| Melee Weapons | 2 | |
| Ensnare | 1 | |
| Armor | 2 | |
| Animal War Training | 1 | |
7 total
» buildings
| Orc Burrow | 9 | |
| Altar of Storms | 3 | |
| Voodoo Lounge | 2 | |
| Stronghold | 1 | |
| War Mill | 1 | |
| Beastiary | 3 | |
| Watch Tower | 3 | |
| Spirit Lodge | 1 | |
| Fortress | 1 | |
| Great Hall | 4 | |
| Workshop | 1 | |
29 total
» build order
00:10 Orc Burrow
00:15 Altar of Storms
00:19 Altar of Storms
01:20 Voodoo Lounge
02:30 Stronghold
02:33 Orc Burrow
02:53 Orc Burrow
03:02 Orc Burrow
03:48 War Mill
04:22 Orc Burrow
05:46 Beastiary
05:52 Beastiary
06:05 Beastiary
11:21 Orc Burrow
11:30 Orc Burrow
11:51 Watch Tower
11:57 Orc Burrow
12:07 Watch Tower
12:10 Watch Tower
12:42 Spirit Lodge
12:50 Fortress
14:16 Great Hall
19:02 Great Hall
21:28 Workshop
22:53 Orc Burrow
30:11 Altar of Storms
31:23 Voodoo Lounge
37:09 Great Hall
37:24 Great Hall
» items
| Healing Salve | 2 | |
| Scroll of Speed | 3 | |
| Boots of Speed | 1 | |
| Potion of Healing | 2 | |
| Scroll of Regeneration | 2 | |
| Scroll of Town Portal | 2 | |
| Potion of Mana | 1 | |
| Orb of Lightning | 1 | |
14 total

»
bmwx6 (
teal | 50 APM | 886 actions | 17:50)
5 Mountain King
3 Storm Bolt
2 Bash
» actions
| Assign group hotkey | 20 | |
| Basic commands | 64 | |
| Build / train | 76 | |
| Enter build submenu | 44 | |
| Enter hero's abilities submenu | 5 | |
| Give item / drop item | 3 | |
| Right click | 241 | |
| Select / deselect | 214 | |
| Select group hotkey | 163 | |
| Use ability | 56 | |
886 total
» units
| Peasant | 14 | |
| Rifleman | 12 | |
| Goblin Shredder | 1 | |
| Priest | 4 | |
| Sorceress | 4 | |
35 total
» upgrades
| Gunpowder | 3 | |
| Armor | 2 | |
| Lumber Harvesting | 1 | |
| Long Rifles | 1 | |
| Priest Training | 3 | |
| Masonry | 2 | |
12 total
» buildings
| Altar of Kings | 1 | |
| Farm | 13 | |
| Lumber Mill | 2 | |
| Scout Tower | 18 | |
| Guard Tower | 12 | |
| Town Hall | 1 | |
| Blacksmith | 1 | |
| Barracks | 3 | |
| Arcane Vault | 1 | |
| Keep | 1 | |
| Arcane Sanctum | 1 | |
| Castle | 1 | |
55 total
» build order
00:10 Altar of Kings
00:25 Farm
00:39 Farm
01:20 Lumber Mill
01:59 Scout Tower
02:27 Guard Tower
03:02 Town Hall
03:45 Farm
04:15 Blacksmith
04:20 Barracks
04:28 Barracks
04:55 Lumber Mill
05:28 Farm
05:32 Farm
05:42 Barracks
05:58 Arcane Vault
06:08 Farm
06:11 Farm
07:41 Keep
08:54 Farm
09:00 Farm
09:02 Farm
09:04 Farm
09:43 Farm
09:45 Farm
10:26 Arcane Sanctum
12:36 Castle
14:41 Scout Tower
14:45 Scout Tower
14:49 Scout Tower
14:54 Scout Tower
14:58 Scout Tower
15:02 Scout Tower
15:13 Guard Tower
15:18 Scout Tower
15:21 Guard Tower
15:24 Scout Tower
15:25 Guard Tower
15:29 Scout Tower
15:32 Guard Tower
15:35 Scout Tower
15:37 Guard Tower
15:40 Scout Tower
15:41 Guard Tower
15:44 Scout Tower
15:47 Guard Tower
15:50 Scout Tower
16:05 Guard Tower
16:10 Scout Tower
16:14 Guard Tower
16:15 Guard Tower
16:21 Scout Tower
16:25 Scout Tower
16:28 Guard Tower
16:32 Scout Tower
» items
| Boots of Speed | 1 | |
| Potion of Lesser Invulnerability | 1 | |
| Scroll of Healing | 1 | |
| Scroll of Regeneration | 2 | |
| Scroll of Town Portal | 2 | |
7 total
trappertrader (
blue | 17 APM | 645 actions | 38:36)
» actions
| Assign group hotkey | 7 | |
| Basic commands | 295 | |
| Build / train | 1 | |
| Enter build submenu | 1 | |
| Right click | 201 | |
| Select / deselect | 123 | |
| Use ability | 17 | |
645 total
» buildings
» build order
29:51 Town Hall
32:56 Guard Tower
Chat log
(03:08 / All) Godzilla: come purple
(03:19 / All) Godzilla: lets dance
(03:42 / All) peacefulfarmers: looking to sell lumber
(03:49 / All) peacefulfarmers: a member of my town is wandering looking for any towns that may require some
(04:03 / All) peacefulfarmers: i will trade for beef or bread
(04:26 / All) trappertrader: the humie king kicked us out of our village
(04:33 / All) trappertrader: burned down our hall
(04:37 / All) trappertrader: and raped our women folk
(04:43 / All) peacefulfarmers: wow
(04:50 / All) peacefulfarmers: is the king able to offer any assistance?
(04:58 / All) peacefulfarmers: the lords and ladies of the realm offer no kindness to us poor honest folk
(05:02 / All) peacefulfarmers: PLEASE
(05:03 / All) peacefulfarmers: NO
(05:03 / All) trappertrader: humie king put em up to it
(05:15 / All) peacefulfarmers: AN ORC slayed the trader I had sent
(05:19 / All) peacefulfarmers: with a bundle of lumber looking to sell
(05:32 / All) trappertrader: these lands are barren of game
(05:45 / All) peacefulfarmers: I think that you may find some skinks
(05:55 / All) peacefulfarmers: but this tropical island, we humans like to raise our own livestock
(05:59 / All) peacefulfarmers: that we brought over from lordaeron
(05:59 / All) trappertrader: an albatross but we lack bows
(06:40 / All) trappertrader: skink meat
(07:09 / All) peacefulfarmers: does your village's refugees have enough to survive?
(07:16 / All) trappertrader: yes plenty
(07:29 / All) trappertrader: we trade surplus for beads and rum
(07:43 / All) peacefulfarmers: we produce fine rum in our town
(07:50 / All) trappertrader: we come to trade meats
(08:07 / All) peacefulfarmers: careful, the men who work our guard towers are discriminatory
(08:11 / All) peacefulfarmers: they may attack an orc on sight
(08:12 / All) trappertrader: THE KINGS MEN ARE HUTNING US DOWN LIKE DOGS
(08:19 / All) peacefulfarmers: however, jorn, the master of our village, will trade
(08:28 / All) peacefulfarmers: he can assist you
(08:34 / All) trappertrader: a family of sea giants saved our lives
(08:38 / All) peacefulfarmers: though our elder is currenlty hunting turtles
(08:41 / All) trappertrader: but were no match for the kings men
(08:43 / All) peacefulfarmers: with the village
(09:02 / All) peacefulfarmers: wow
(09:07 / All) trappertrader: our guards at the towers shot at us!
(09:07 / All) peacefulfarmers: the king is coming to attack our village too now
(09:32 / All) peacefulfarmers: the lords of the land are assisting me
(09:38 / All) trappertrader: Jokka fought off the elf scum bravely
(09:46 / All) trappertrader: so that djuka could live
(09:53 / All) trappertrader: but both managed to survive the attack
(10:14 / All) peacefulfarmers: jorn and the peasants with the lords of our land managed to fight off the evil tyrants of the other side of the isle
(10:24 / All) trappertrader: we must find somewhere safe for our kind to live
(10:34 / All) trappertrader: more than half of our brothers have died
(10:43 / All) peacefulfarmers: can you found a new village?
(10:50 / All) peacefulfarmers: is there anywhere your kind may go?
(11:05 / All) trappertrader: we are looking to build a canoe to drift away from these troubled lands
(11:25 / All) peacefulfarmers: we managed to do a great hunt, with the entire village
(11:35 / All) peacefulfarmers: of nearby turtles and murlocs, we shall have meat to last us for months
(12:00 / All) trappertrader: we are gathering lumber now to sail away from this evil mess
(12:18 / All) peacefulfarmers: we have much lumber to offer to honest folk like us, if needed
(12:34 / All) trappertrader: we will gladly give you our surplus
(12:41 / All) trappertrader: we have enough lumber now to make a canoe
(12:47 / All) trappertrader: and fishing poles
(12:58 / All) peacefulfarmers: this island is truly hostile, I wish we had never left lordaeron
(12:59 / All) trappertrader: as wlel as timber for our hovels
(13:19 / All) peacefulfarmers: we are opening a blacksmith soon
(13:27 / All) peacefulfarmers: just by the outskirts of town
(13:31 / All) peacefulfarmers: it is currently under construction
(13:38 / All) trappertrader: *the peons Jukka and Djuka build a canoe and sail away from this island to better lands*
(13:58 / Allies) peacefulfarmers: do any of the lords and ladies of the realm require gold or lumber?
(14:02 / Allies) peacefulfarmers: i can provide some from my humble village
(14:29 / Allies) Philando: oj goldÉ
(14:36 / Allies) Philando: please
(14:37 / Allies) peacefulfarmers: i will send a man immediately with resources
(14:40 / Allies) peacefulfarmers: to your town, my lady
(14:54 / Allies) peacefulfarmers: please help
(14:57 / Allies) peacefulfarmers: the orcs are attacking my village
(15:03 / Allies) Philando: gold for tp
(15:06 / Allies) peacefulfarmers: I am sending people to you
(15:07 / Allies) peacefulfarmers: to provide it
(15:14 / Allies) peacefulfarmers: there is what jorn had
(15:26 / Allies) peacefulfarmers: please help us poor farmers
(15:31 / All) peacefulfarmers: the orcish horde is destroying our livelihood
(16:02 / All) peacefulfarmers: it will take years to rebuild from this
(16:16 / Allies) Philando: oj gold please
(16:30 / Allies) peacefulfarmers: there you are m'lady
(16:49 / Allies) peacefulfarmers: help
(16:53 / Allies) peacefulfarmers: help help we are being oppressed
(17:37 / All) bmwx6: noob fuk
(17:44 / All) bmwx6: i got 3 noob here gg
(17:47 / All) bmwx6: fuk this shit
(17:55 / All) peacefulfarmers: wow
(18:02 / All) peacefulfarmers: our team has destroyed one of the menaces of this isle
(18:25 / Allies) peacefulfarmers: rebuild m'lady?
(18:29 / Allies) peacefulfarmers: you have a wisp
(19:12 / All) peacefulfarmers: the king is attacking my village again
(19:45 / All) peacefulfarmers: jorn is a brave warrior, but he only managed to slay one of the king's men before falling
(19:50 / All) peacefulfarmers: however he brutally injured another rifleman
(19:54 / All) peacefulfarmers: with only his hammer and wits about him
(20:16 / All) peacefulfarmers: our elven friend has truly been an aid to our village
(20:22 / All) peacefulfarmers: her elves will always be welcome here
(20:26 / All) peacefulfarmers: but i do not believe it is enough this time
(20:31 / All) peacefulfarmers: even with the mountain giants' aids
(21:17 / All) peacefulfarmers: we are going to have to free our village to better lands
(21:24 / All) peacefulfarmers: this isle is no place for us
(21:41 / All) peacefulfarmers: the gods may be able to resurrect jorn
(21:46 / All) peacefulfarmers: however we are not sure if we'll manage
(21:56 / All) peacefulfarmers: for such a thing is a truly difficult feat to accomplish
(22:07 / All) peacefulfarmers: we will build it in the king's land, our altar to the gods
(22:12 / All) peacefulfarmers: the altar of kings
(25:15 / Allies) peacefulfarmers: i shall build a lumber mill so we might collect it for the king
(27:53 / All) peacefulfarmers: jorn is levied to help the king's men
(28:01 / All) peacefulfarmers: hopefully we can put the rightful king on the throne
(30:19 / Allies) Philando: wooooord
(30:57 / Allies) peacefulfarmers: gold for a town hall?
(31:04 / Allies) peacefulfarmers: i need to construct a new town
(31:26 / Allies) peacefulfarmers: m'lords
(31:30 / Allies) peacefulfarmers: gold to make a new town please?
(31:32 / Allies) peacefulfarmers: i beg of you
(31:36 / Allies) peacefulfarmers: just a few hundred that's all
(31:44 / Allies) peacefulfarmers: thank you my friend
(32:00 / Allies) peacefulfarmers: no
(32:05 / Allies) peacefulfarmers: a knight killed it, ugh
(32:07 / Allies) peacefulfarmers: hard times indeed
(32:13 / Allies) peacefulfarmers: it couldn't be constructed
(32:19 / Allies) peacefulfarmers: could a noble lord please spare but 100 gold?
(32:22 / All) trappertrader: Lmao
(32:24 / Allies) peacefulfarmers: to construct a new town in a safer land
(32:29 / All) trappertrader: "u don't have any right to touch teal"
(32:32 / All) trappertrader: "mother fucker"
(32:36 / All) trappertrader: canceled level 8 mk
(32:37 / Allies) peacefulfarmers: please, just 100 gold
(32:42 / Allies) peacefulfarmers: i can perhaps raise an army
(32:43 / All) trappertrader: then canceled the expo I was building lol
(32:53 / Allies) peacefulfarmers: arm my peasants to foot men
(33:28 / All) peacefulfarmers: jorn will duel this knight to the death for the good of our village
(33:37 / All) peacefulfarmers: for the future of our people
(33:59 / All) peacefulfarmers: truly a valiant leader of our village
(34:05 / All) peacefulfarmers: he has slain two men so far, in this war
(34:06 / All) peacefulfarmers: by himself
(34:12 / All) peacefulfarmers: and hunted many big game
(34:55 / Allies) peacefulfarmers: please m'lords, spare some gold so i might raise an an army?
(34:58 / Allies) peacefulfarmers: a levy to assist us in the war
(35:10 / Allies) peacefulfarmers: please, you are all rich noble lords in resources
(35:14 / Allies) peacefulfarmers: i am but a peasant
(35:21 / Allies) peacefulfarmers: we would truly appreciate some gold coinage
(35:34 / Allies) peacefulfarmers: please sirs?
(35:36 / Allies) peacefulfarmers: spare some coppers?
(35:51 / Allies) peacefulfarmers: thank you, my elven friend, you have helped our people all the war
(35:57 / Allies) peacefulfarmers: we are truly indebted to you
(36:24 / All) trappertrader: purple is a pussy
(36:31 / All) trappertrader: I think tears are literally streaming down his face right now
(36:32 / All) trappertrader: lol
(36:34 / All) peacefulfarmers: the big game we hunted earlier
(36:36 / All) peacefulfarmers: the same kind of game
(36:46 / All) peacefulfarmers: but jorn cannot hunt this kind of game without the village
(37:02 / All) peacefulfarmers: howeever it is no issue for one of the king's gryphon riders
(37:34 / All) trappertrader: lol
(37:40 / All) Philando: ikr
(37:43 / All) trappertrader: 4 goblin labs, 2 bms
(37:44 / All) peacefulfarmers: we have come out alive in this war
(37:45 / All) trappertrader: 3v3
(37:49 / All) trappertrader: yet your side has so many expos
(37:53 / All) peacefulfarmers: our village has survived through these hard times in the isles
(37:56 / All) peacefulfarmers: in the twilight ruins
(38:17 / All) peacefulfarmers: we were going to raise a levy for our liege, but i do not think it is even needed
(38:20 / All) peacefulfarmers: our king is so mighty
(38:24 / All) peacefulfarmers: he is the true ruler of this land